 Dungeon Crawl Stone Soup version 0.23-a0-767-gdc19b93d68 (webtiles) character file.

323 Esekla the Skirmisher (level 6, -4/52 HPs)
             Began as a Formicid Wanderer on Jan 29, 2019.
             Was an Initiate of Sif Muna.
             Slain by Menkaure (13 damage)
             ... on level 5 of the Dungeon.
             The game lasted 00:21:43 (2828 turns).

Esekla the Skirmisher (Formicid Wanderer)           Turns: 2828, Time: 00:21:43

Health: -4/52      AC:  2    Str: 18    XL:     6   Next: 77%
Magic:  15/15      EV: 12    Int: 11    God:    Sif Muna [......]
Gold:   173        SH:  3    Dex: 11    Spells: 0/5 levels left

rFire    . . .     SeeInvis +   a - +2 hand axe
rCold    . . .     Gourm    .   j - +0 buckler
rNeg     . . .     Faith    .   d - +0 robe
rPois    .         Spirit   .   (helmet unavailable)
rElec    .         Reflect  .   (no cloak)
rCorr    .         Harm     .   (no gloves)
MR       .....                  (no boots)
Stlth    ++........             (no amulet)
HPRegen  0.17/turn              i - ring of magical power
MPRegen  0.14/turn              (no ring)

@: no status effects
A: permanent stasis, dig shafts and tunnels, four strong arms, antennae 3
a: Dig, Shaft Self, Renounce Religion


You were on level 5 of the Dungeon.
You worshipped Sif Muna.
Sif Muna was noncommittal.
You were not hungry.

You visited 1 branch of the dungeon, and saw 5 of its levels.

You collected 173 gold pieces.

Inventory:

Hand Weapons
 a - a +2 hand axe (weapon)
Armour
 d - a +0 robe (worn)
 j - a +0 buckler (worn)
Magical Staves
 q - an uncursed staff of summoning {unknown}
Jewellery
 i - a ring of magical power (left hand)
 p - an uncursed amulet of guardian spirit
 r - a cursed ring of teleportation {unknown}
Scrolls
 b - a scroll of teleportation {unknown}
 c - 2 scrolls of identify
 e - a scroll of noise {unknown}
 g - 5 scrolls of remove curse
 l - a scroll of fear {unknown}
 n - 2 scrolls of magic mapping {unknown}
Potions
 h - 5 potions of curing
 k - 2 potions of brilliance
 m - a potion of might
 o - a potion of mutation {unknown}
Comestibles
 f - 2 rations


   Skills:
 + Level 6.3 Fighting
 + Level 5.3 Axes
 - Level 1.0 Staves
 + Level 2.0 Dodging
 - Level 1.2 Stealth
 * Level 1.4 Shields
 * Level 0.1 Spellcasting
 * Level 0.1 Conjurations
 * Level 0.2 Hexes


You couldn't memorise any spells.
You knew the following spells:

 Your Spells              Type           Power        Failure   Level  Hunger
a - Dazzling Spray        Conj/Hex       #.....       77%         3    ####...
b - Searing Ray           Conj           #.....       52%         2    ###....

Your spell library contained the following spells:

 Spells                   Type           Power        Failure   Level  Hunger
 Confusing Touch          Hex            #.....       36%         1    ##.....
 Magic Dart               Conj           #...         38%         1    ##.....
 Animate Skeleton         Necr           N/A          41%         1    ##.....
 Apportation              Tloc           #.....       41%         1    ##.....
 Summon Small Mammal      Summ           #...         41%         1    ##.....
 Force Lance              Conj/Tloc      #.......     99%         4    #####..
 Fulminant Prism          Conj/Hex       #.........   99%         4    #####..
 Iskenderun's Mystic Bla  Conj           #.......     99%         4    #####..


Dungeon Overview and Level Annotations

Branches:
Dungeon (5/15)
 Temple: D:4-7

Altars:
Sif Muna

Shops:
D:4 *

Annotations:
D:4 Edmund
D:5 Menkaure


Innate Abilities, Weirdness & Mutations

You cannot be hasted, slowed, berserked, paralysed or teleported.
You can dig through walls and to a lower floor.
Your four strong arms can wield two-handed weapons with a shield.
You have a pair of large antennae on your head. (SInv)


Message History

A worker ant comes into view.
Found a glowing moonstone ring.
Found a stone staircase leading down.
The worker ant twitches its antennae in your direction.
The worker ant bites you. The worker ant closely misses you. x2
You see here a glowing moonstone ring.
r - a glowing moonstone ring The worker ant closely misses you.
The worker ant barely misses you. The worker ant closely misses you.
There is a stone staircase leading down here.
The worker ant barely misses you.
The ogre hits you with a +0 giant spiked club!!
Ouch! That really hurt!
* * * LOW HITPOINT WARNING * * *
Menkaure barely misses you.
Found 11 gold pieces.
Are you sure you want to shaft yourself?
You feel quite a bit more hungry. Menkaure hits you!
You die...

... ......##.#
..........$.....#..#
...##.....#.....#..
....#....##........
...#......^....... ...
...........#.###.. ....
#........##...# .. .....
#........###.###.# .....
#@.......#...#...#
#..###M##.........#...#
#.....Oa............###
#....>.........M....###
#.......#...##.........
#.#.......#..............
.............##..........
............##.........##
.........##.#.........##


You could see an ogre, Menkaure and a worker ant.

Vanquished Creatures
  Sigmund (D:2)
  A hound (D:5)
  Terence (D:3)
  5 adders
  An ooze (D:1)
  2 worms
  A dart slug (D:2)
  An orc (D:3)
  5 giant cockroaches (D:2)
  4 goblins
  10 hobgoblins
  2 jackals (D:2)
  2 quokkas (D:2)
  6 bats
  3 frilled lizards
  11 kobolds
  3 rats
59 creatures vanquished.

Notes
Turn   | Place    | Note
-------+----------+-------------------------------------------
     0 | D:1      | Esekla the Formicid Wanderer began the quest for the Orb.
     0 | D:1      | Esekla set off with the following items: a +2 hand axe, a
                  | potion of lignification, a +0 quarterstaff, a +0 robe, a
                  | ration
     0 | D:1      | Reached XP level 1. HP: 21/21 MP: 1/1
     3 | D:1      | Noticed an electric eel
   160 | D:2      | Reached XP level 2. HP: 14/27 MP: 2/2
   179 | D:2      | Reached skill level 1 in Dodging
   536 | D:1      | Reached XP level 3. HP: 22/34 MP: 3/3
   697 | D:1      | Reached skill level 6 in Fighting
  1408 | D:2      | Noticed Sigmund
  1447 | D:2      | Killed Sigmund
  1447 | D:2      | Reached XP level 4. HP: 10/40 MP: 4/4
  1447 | D:2      | Reached XP level 5. HP: 12/46 MP: 5/5
  1447 | D:2      | Reached XP level 6. HP: 14/52 MP: 6/6
  1455 | D:2      | Found a faded altar of an unknown god.
  1943 | D:3      | Noticed Terence
  2052 | D:3      | Reached skill level 5 in Axes
  2348 | D:3      | Killed Terence
  2401 | D:3      | Learned a level 3 spell: Dazzling Spray
  2404 | D:3      | Learned a level 2 spell: Searing Ray
  2715 | D:4      | Found a deep blue altar of Sif Muna.
  2721 | D:4      | Became a worshipper of Sif Muna the Loreminder
  2744 | D:4      | Found Zin's Purification Station.
  2745 | D:4      | Noticed Edmund
  2760 | D:5      | Entered Level 5 of the Dungeon
  2797 | D:5      | Noticed Menkaure
  2807 | D:5      | Noticed an ogre
  2828 | D:5      | Slain by Menkaure

Vault maps used:
D:1:      arrival_aquarium_a, corner_web_ring
D:2:      chequers_ecumenical_altar_island, item_on_display_a, uniq_sigmund
D:3:      first_ration, uniq_terence
D:4:      zin_purify, overflow_temple_1_default, dancing_weapons_uskayaw,
          makhleb_blood_cavern_becter, uniq_edmund
D:5:      nicolae_dithmenos_the_darkroom, uniq_menkaure

Skill      XL: |  1  2  3  4  5  6 |
---------------+-------------------+-----
Dodging        | 1 2 |  2.0
Fighting       | 6 |  6.3
Axes           | 4 5 |  5.3
Staves         | |  1.0
Stealth        | |  1.2
Shields        | |  1.4
Spellcasting   | |  0.1
Conjurations   | |  0.1
Hexes          | |  0.2

Action                   |  1- 3 |  4- 6 || total
-------------------------+-------+-------++-------
Melee: Hand axe          |   139 |    79 ||   218
 Abil: Shaft Self        |       |     1 ||     1
  Use: Potion            |     2 |       ||     2
       Scroll            |     1 |     3 ||     4
 Stab: Sleeping          |     2 |       ||     2
  Eat: Ration            |     1 |     1 ||     2
Armor: Robe              |    25 |    13 ||    38
       Skin              |    13 |       ||    13
Dodge: Dodged            |    72 |    47 ||   119
Block: Buckler           |     1 |     7 ||     8

Table legend:
 A = Non-vault XP
 B = Vault XP
 C = Vault XP percentage of total XP
 D = Non-vault monster count
 E = Vault monster count
 F = Vault count percentage of total count
                 A         B        C        D         E       F
            +---------+---------+-------+---------+---------+-------
      Total |     204 |     258 |  55.8 |      57 |       2 |   3.4
            +---------+---------+-------+---------+---------+-------
        D:1 |      32 |       0 |   0.0 |      18 |       0 |   0.0
        D:2 |      47 |     220 |  82.4 |      23 |       1 |   4.2
        D:3 |      71 |      38 |  34.9 |      13 |       1 |   7.1
        D:4 |      14 |       0 |   0.0 |       2 |       0 |   0.0
        D:5 |      40 |       0 |   0.0 |       1 |       0 |   0.0
            +---------+---------+-------+---------+---------+-------
